Map: Terraform LE (Void)

Players

Valhalla

  • Race: Zerg Zerg
  • League: Platinum

Javert - Winner!

  • Race: Zerg Zerg
  • League: Grandmaster

VOD

Have the link to the VOD?

Description

Time

  • Played on: Aug. 26, 2015, 11:50 p.m.
  • Length: 14:52
Show
View Real Time Build Order
Export as new Build Order

Valhalla Zerg 

Build Orders: Pool First 

Get SALT Encoding   

  12  0:01  Drone  
  13  0:09  Drone  
  13  0:13  Extractor  
  13  0:18  Drone  
  14  0:35  Spawning Pool  
  14  0:40  Overlord  
  13  0:47  Drone  
  14  0:59  Drone x2  
  14  1:03  Drone  
  17  1:13  Drone  
  18  1:22  Queen  
  20  1:26  Metabolic Boost  
  20  1:29  Zergling x2  
  21  1:34  Zergling x2  
  22  1:57  Hatchery  
  21  2:03  Overlord  
  21  2:04  Drone  
  22  2:22  Zergling x4  
  24  2:28  Zergling x2  
  24  2:29  Zergling x4  
  27  2:42  Overlord  
  27  2:55  Baneling Nest, Drone  
  27  3:04  Drone x3  
  30  3:09  Queen  
  30  3:12  Spine Crawler  
  31  3:18  Drone x2  
  32  3:23  Drone  
  32  3:30  Overlord  
  32  3:32  Drone x2  
  34  3:36  Overlord  
  34  3:37  Zergling x2  
  35  3:43  Drone  
  35  3:48  Drone  
  37  3:55  Drone  
  38  4:00  Drone  
  39  4:03  Extractor  
  38  4:12  Extractor  
  38  4:14  Drone x3, Extractor  
  38  4:16  Drone x2  
  41  4:22  Drone  
  41  4:23  Drone  
  43  4:26  Drone  
  44  4:41  Drone x2  
  44  4:42  Lair  
  44  4:44  Overlord  
  44  4:45  Drone x2  
  48  4:48  Drone  
  48  4:49  Drone x2  
  51  4:57  Overlord  
  51  5:02  Drone  
  51  5:05  Drone  
  53  5:07  Drone x2  
  53  5:13  Overlord  
  55  5:17  Zergling x2  
  56  5:21  Zergling x6  
  56  5:28  Overlord  
  59  5:32  Zergling x2  
  59  5:33  Hatchery  
  59  5:36  Zergling x2  
  59  5:41  Zergling x4  
  62  5:43  Spire  
  62  5:44  Zergling x2  
  62  5:47  Zergling x2  
  63  5:51  Zergling x2  
  63  5:52  Zergling x2  
  63  5:54  Zergling x2  
  66  5:58  Zergling x2  
  67  6:05  Zergling x2  
  67  6:08  Zergling x2  
  69  6:12  Overlord  
  69  6:13  Zergling x2  
  69  6:15  Zergling x2  
  71  6:23  Hatchery  
  71  6:24  Zergling x2  
  71  6:36  Overlord  
  71  6:37  Overlord  
  71  6:50  Zergling x2  
  71  6:51  Zergling x6  
  71  6:53  Queen  
  75  6:55  Mutalisk  
  75  6:56  Mutalisk x5  
  75  6:57  Mutalisk  
  75  7:01  Mutalisk  
  86  7:03  Zerg Flyer Weapons Level 1  
  86  7:07  Mutalisk x2  
  92  7:13  Zergling x2  
  93  7:17  Zergling x6  
  93  7:18  Zergling x2  
  97  7:24  Zergling x2  
  97  7:28  Zergling x8  
  90  7:35  Zergling x2  
  90  7:36  Zergling x2  
  81  7:38  Zergling x2  
  81  7:41  Zergling x2  
  81  7:44  Zergling x2  
  81  7:46  Zergling x4  
  81  7:47  Zergling x2  
  81  7:48  Zergling x2  
  81  7:50  Zergling x2  
  84  7:55  Drone  
  85  7:59  Drone  
  85  8:00  Drone x3  
  85  8:01  Queen  
  85  8:03  Drone x3  
  94  8:09  Evolution Chamber  
  94  8:10  Evolution Chamber  
  94  8:11  Roach Warren  
  90  8:14  Overseer  
  88  8:23  Overlord  
  88  8:24  Drone  
  88  8:25  Drone x4  
  92  8:28  Drone x2  
  92  8:29  Drone  
  92  8:32  Extractor  
  92  8:51  Drone x4  
  90  9:00  Zergling x2  
  90  9:01  Zergling x10  
  94  9:03  Zerg Missile Weapons Level 1, Zerg Ground Armor Level 1  
  94  9:04  Glial Reconstitution  
  94  9:11  Roach x2  
  94  9:14  Overlord  
  98  9:19  Queen  
  98  9:20  Hatchery  
  98  9:21  Zergling x4  
  101  9:30  Overlord x2, Roach x2  
  105  9:32  Roach  
  107  9:39  Roach x4  
  107  9:44  Roach  
  107  9:45  Roach  
  119  9:46  Baneling  
  119  9:47  Baneling x5  
  119  9:48  Baneling  
  99  9:53  Zergling x8  
  99  9:55  Zergling x2  
  99  9:56  Zergling x2  
  99  9:57  Zergling x2  
  99  9:58  Baneling  
  99  9:59  Baneling x2  
  102  10:14  Zergling x2  
  102  10:15  Zergling x8  
  102  10:16  Zergling x16  
  102  10:18  Zergling x2  
  102  10:19  Zergling x2  
  100  10:26  Zergling x4  
  94  10:29  Zergling x6  
  94  10:30  Zergling x2  
  94  10:32  Roach  
  94  10:34  Roach  
  90  10:39  Roach x4  
  91  10:43  Roach x2  
  91  10:45  Roach  
  91  10:46  Roach  
  91  10:48  Roach  
  94  10:51  Roach  
  94  10:52  Roach  
  94  10:56  Roach x2  
  94  10:59  Roach  
  94  11:00  Roach  
  94  11:02  Roach  
  95  11:05  Roach  
  95  11:06  Roach  
  95  11:09  Roach  
  95  11:10  Roach  
  103  11:12  Roach  
  103  11:14  Roach  
  107  11:19  Roach x2  
  107  11:20  Roach  
  113  11:26  Roach x3  
  113  11:29  Roach  
  113  11:32  Roach x2  
  125  11:34  Roach  
  125  11:37  Roach  
  125  11:38  Roach  
  113  11:40  Roach  
  113  11:42  Roach  
  113  11:45  Roach  
  107  11:47  Roach  
  107  11:48  Roach  
  107  11:51  Roach  
  107  11:53  Roach  
  99  11:55  Roach  
  99  11:57  Roach  
  99  11:59  Roach  
  93  12:01  Roach  
  93  12:02  Roach  
  93  12:04  Roach  
  93  12:07  Roach  
  97  12:08  Roach  
  97  12:10  Roach  
  97  12:12  Roach  
  97  12:14  Roach  
  93  12:16  Roach  
  93  12:19  Roach  
  93  12:20  Roach  
  93  12:22  Roach  
  91  12:25  Roach  
  91  12:27  Roach  
  91  12:29  Roach  
  95  12:33  Roach  
  95  12:35  Roach  
  85  12:40  Roach  
Show
View Real Time Build Order
Export as new Build Order

Javert Zerg - Winner!

Build Orders: Pool First 

Get SALT Encoding   

  12  0:01  Drone  
  13  0:14  Overlord  
  13  0:18  Drone  
  14  0:32  Drone x2  
  16  0:37  Extractor  
  16  0:38  Drone  
  16  0:51  Spawning Pool  
  16  0:52  Drone  
  16  0:58  Drone  
  17  1:21  Hatchery  
  17  1:25  Drone  
  17  1:31  Overlord  
  17  1:50  Roach Warren, Burrow  
  17  1:54  Drone  
  17  1:56  Drone  
  18  2:03  Drone  
  19  2:15  Drone  
  20  2:31  Roach  
  20  2:35  Roach x2  
  26  2:44  Queen  
  26  2:46  Overlord  
  26  2:47  Roach  
  30  2:55  Drone  
  35  3:05  Roach x2  
  35  3:30  Drone x3  
  35  3:33  Queen  
  40  3:36  Roach x2  
  44  3:44  Overlord x2  
  44  4:01  Overlord  
  44  4:08  Drone x4  
  48  4:12  Drone  
  49  4:24  Drone x4  
  53  4:33  Drone  
  54  4:40  Evolution Chamber  
  53  4:47  Drone x2  
  53  4:48  Drone x3  
  53  4:49  Baneling Nest  
  57  4:55  Overlord  
  57  5:01  Drone x3  
  57  5:03  Lair  
  57  5:05  Extractor  
  59  5:10  Overlord  
  59  5:14  Extractor  
  58  5:16  Queen  
  58  5:17  Evolution Chamber  
  58  5:18  Zerg Missile Weapons Level 1  
  59  5:22  Extractor  
  59  5:25  Drone x3  
  59  5:26  Drone  
  62  5:37  Roach x3  
  68  5:50  Roach x5  
  78  6:04  Glial Reconstitution  
  78  6:07  Drone x3  
  78  6:08  Drone  
  82  6:14  Overlord  
  82  6:21  Zerg Ground Armor Level 1  
  82  6:26  Roach  
  82  6:29  Evolution Chamber  
  83  6:39  Drone x3  
  86  6:40  Overlord x2  
  86  6:48  Roach  
  86  6:49  Roach x2  
  86  6:53  Overlord x2  
  92  7:09  Spine Crawler  
  92  7:11  Drone  
  92  7:12  Drone x4  
  96  7:16  Hydralisk Den  
  96  7:17  Zerg Missile Weapons Level 2  
  95  7:26  Drone x3  
  95  7:27  Drone  
  97  7:34  Hatchery  
  97  7:36  Extractor  
  87  7:37  Extractor  
  74  7:48  Roach  
  74  7:49  Roach x8  
  74  7:51  Roach  
  76  7:54  Baneling Nest, Spore Crawler  
  76  7:55  Spore Crawler  
  76  7:56  Spawning Pool  
  76  7:57  Spore Crawler  
  73  7:59  Spore Crawler  
  73  8:02  Spore Crawler  
  73  8:03  Spore Crawler x3  
  73  8:04  Muscular Augments  
  73  8:05  Hydralisk x4  
  76  8:19  Hydralisk  
  72  8:20  Hydralisk x3  
  72  8:26  Drone x2  
  78  8:28  Spore Crawler  
  78  8:29  Spore Crawler  
  78  8:32  Spore Crawler, Hydralisk x2  
  79  8:46  Hydralisk x3  
  85  8:49  Drone  
  85  8:50  Drone x2  
  84  9:11  Hydralisk x3  
  84  9:12  Spore Crawler  
  89  9:19  Overlord x3  
  89  9:31  Drone x5  
  91  9:32  Drone  
  95  9:41  Roach x4  
  99  9:54  Roach x5  
  99  9:58  Spine Crawler  
  108  10:04  Roach x3  
  98  10:27  Roach  
  98  10:28  Roach x8  
  102  10:30  Roach  
  94  10:39  Roach  
  94  10:42  Roach  
  92  10:45  Roach x8  
  104  11:02  Roach  
  104  11:03  Roach x6  
  118  11:08  Zerg Ground Armor Level 2  
  118  11:10  Drone x2  
  118  11:11  Drone  
  119  11:17  Hydralisk x2  
  123  11:30  Roach  
  123  11:31  Roach x7  
  115  11:43  Roach  
  115  11:44  Roach x5  
  115  11:55  Roach x4  
  123  12:08  Roach x3  
  123  12:09  Roach x3  
  125  12:17  Hydralisk x2  
  127  12:29  Spine Crawler  
  124  12:32  Roach x3  
  128  12:43  Infestation Pit  
  128  12:56  Overlord x2  
  128  13:31  Hive  
  128  13:32  Drone x5  
  128  13:47  Hatchery  
  128  13:51  Extractor  
  128  14:28  Overlord x4  
  128  14:41  Extractor  
  128  14:42  Hatchery  
  128  14:45  Extractor  
Tags
 
Add a new tag
Caveats
  • Supply blocks, unpowered buildings, or Contaminate may cause inaccurate times.
  • Supply counts are checked every 10 seconds.